 Dungeon Crawl Stone Soup version 0.17-a0-1634-g6672d08 (webtiles) character file.

93 Oddball22 the Changer (level 4, -3/35 HPs)
             Began as a Draconian Transmuter on Aug 4, 2015.
             Was a Follower of Zin.
             Killed by divine providence
             ... invoked by an orc priest
              (16 damage)
             ... on level 3 of the Dungeon.
             The game lasted 00:06:32 (3303 turns).

Oddball22 the Changer (Draconian Transmuter)        Turns: 3303, Time: 00:06:32

Health: -3/35      AC:  5    Str: 12    XL:     4   Next: 36%
Magic:  2/8        EV: 12    Int: 13    God:    Zin [*.....]
Gold:   5          SH:  0    Dex: 13    Spells: 3 memorised, 2 levels left

rFire  + . .     SeeInvis .       - Unarmed
rCold  x . .     Clarity  .     (armour unavailable)
rNeg   . . .     SustAt   .     (no shield)
rPois  .         Gourm    .     (helmet restricted)
rElec  .         Spirit   .     (no cloak)
rCorr  .         Warding  .     (no gloves)
rMut   .         Stasis   .     (no boots)
MR     .....                    (no amulet)
Stlth  ++........               p - ring of stealth
                                e - ring of fire

@: very slightly contaminated, not resistant to hostile enchantments, unstealthy
A: unfitting armour, cold-blooded, AC +5
a: Recite, Renounce Religion


You were on level 3 of the Dungeon.
You worshipped Zin.
Zin was aware of your devotion.
You were very hungry.

You visited 1 branch of the dungeon, and saw 3 of its levels.

You collected 165 gold pieces.
You donated 160 gold pieces to Zin.

Inventory:

Hand weapons
 n - a +0 dagger of protection
Missiles
 a - 27 arrows (quivered)
Jewellery
 e - a ring of fire (left hand)
 p - a ring of stealth (right hand)
Scrolls
 g - a scroll of noise {unknown}
 h - 6 scrolls of identify {unknown}
 i - 3 scrolls of recharging {unknown}
 j - 2 scrolls of teleportation {unknown}
 k - 2 scrolls of amnesia {unknown}
 l - 2 scrolls of remove curse {unknown}
 m - a scroll of immolation {unknown}
Potions
 d - 3 potions of curing {unknown}
 f - a potion of agility {unknown}
 q - a potion of flight {unknown}
Books
 b - a book of Changes

   Spells                             Type                      Level
   a - Beastly Appendage              Transmutation                1
   b - Sticks to Snakes               Transmutation                2
   c - Spider Form                    Transmutation/Poison         3
   d - Ice Form                       Ice/Transmutation            4
   e - Blade Hands                    Transmutation                5
   Zin disapproves of the use of such an item.
Comestibles
 c - a bread ration
 o - 2 fruits


   Skills:
 + Level 1.4 Fighting
 - Level 1.7 Dodging
 * Level 3.3 Unarmed Combat
 - Level 2.7 Spellcasting
 + Level 3.7 Transmutations
 + Level 0.2 Poison Magic


You had 2 spell levels left.
You knew the following spells:

 Your Spells              Type           Power        Failure   Level  Hunger
a - Beastly Appendage     Trmt           ##....       8%          1    #......
b - Sticks to Snakes      Trmt           ##........   10%         2    ###....
c - Spider Form           Trmt/Pois      #.........   34%         3    ###....


Dungeon Overview and Level Annotations

Branches:
Dungeon (3/15)

Altars:
Makhleb
Zin


Innate Abilities, Weirdness & Mutations

Your plain brown scales are hard (AC +5).
Your body does not fit into most forms of armour.
You are cold-blooded and may be slowed by cold attacks.


Message History

The orc priest closely misses your ball python.
Your ball python bites the orc priest but does no damage.
Your ball python constricts the orc priest.
Your ball python bites the orc priest but does no damage.
Your ball python constricts the orc priest.
The orc priest hits your ball python with a short sword!
Your ball python dies!
The orc priest barely misses your adder.
The orc priest mumbles some strange prayers to Beogh against you.
Something smites you!
Your adder closely misses the orc priest.
Your adder bites the orc priest but does no damage.
The orc priest closely misses your adder.
Your adder bites the orc priest.
The orc priest is poisoned.
Your adder poisons the orc priest!
The orc priest hits your adder with a short sword.
Your adder barely misses the orc priest.
The orc priest calls down the wrath of Beogh upon you.
Something smites you!
You die...

#....#
####.#
#.# #.#
#.# #)#
#.#
#####.#
#ooS.@#
#o#####
#.# #o#
#.# #.#
#o# #o#
#.#


You could see 2 orc priests, an orc and a friendly adder.

Vanquished Creatures
  4 adders
  A giant gecko (D:3)
  An orc (D:3)
  2 ball pythons (D:2)
  3 giant cockroaches
  7 hobgoblins
  2 kobolds
  10 bats
  2 giant newts (D:1)
  8 goblins
  4 jackals (D:2)
  7 rats
51 creatures vanquished.

Vanquished Creatures (collateral kills)
  An orc (D:3)
1 creature vanquished.

Grand Total: 52 creatures vanquished

Notes
Turn   | Place    | Note
--------------------------------------------------------------
     0 | D:1      | Oddball22 the Draconian Transmuter began the quest for the Orb.
     0 | D:1      | Reached XP level 1. HP: 16/16 MP: 3/3
   239 | D:1      | Reached XP level 2. HP: 23/23 MP: 3/5
   699 | D:1      | Learned a level 2 spell: Sticks to Snakes
  1536 | D:2      | Reached XP level 3. HP: 23/28 MP: 4/6
  2114 | D:2      | Learned a level 3 spell: Spider Form
  2439 | D:2      | Reached XP level 4. HP: 35/35 MP: 8/8
  2696 | D:2      | Found a burning altar of Makhleb.
  2725 | D:2      | Became a worshipper of Makhleb the Destroyer
  2828 | D:2      | Noticed an angel
  2829 | D:2      | Found a glowing silver altar of Zin.
  2834 | D:2      | Fell from the grace of Makhleb
  2834 | D:2      | Became a worshipper of Zin the Law-Giver
  2834 | D:2      | Acquired Zin's first power
  2837 | D:2      | Donated 74 gold pieces to Zin
  2838 | D:2      | Donated 37 gold pieces to Zin
  2838 | D:2      | Donated 19 gold pieces to Zin
  2838 | D:2      | Donated 9 gold pieces to Zin
  2838 | D:2      | Donated 5 gold pieces to Zin
  3303 | D:3      | Killed from afar by an orc priest

Vault maps used:
D:1:      evilmike_arrival_plus
D:2:      zin_angel, lightli_temple_of_fire
D:3:      lemuel_round_altar, first_bread

Action                   |  1- 3 |  4- 6 || total
-------------------------+-------+-------++-------
Melee: Unarmed           |   158 |    40 ||   198
 Cast: Beastly Appendage |    19 |     1 ||    20
       Sticks to Snakes  |       |     3 ||     3
 Stab: Sleeping          |     1 |       ||     1
  Eat: Chunk             |     5 |     2 ||     7
